 Dungeon Crawl Stone Soup version 0.24.0-1-gfbc8707122 (webtiles) character file.

Game seed: 9451524248490986320, levelgen mode: deterministic

345 Esekla the Slasher (level 6, 0/43 HPs)
             Began as an Octopode Abyssal Knight on Oct 27, 2019.
             Was a Believer of Lugonu.
             Slain by a hound (3 damage)
             ... on level 5 of the Dungeon.
             The game lasted 00:27:02 (4290 turns).

Esekla the Slasher (Octopode Abyssal Knight)        Turns: 4290, Time: 00:27:02

Health: 0/43       AC:  1    Str: 13    XL:     6   Next: 58%
Magic:  7/7        EV: 14    Int: 20    God:    Lugonu [**....]
Gold:   92         SH:  0    Dex: 11    Spells: 3/7 levels left

rFire    . . .     SeeInvis .   a - +1 falchion
rCold    . . .     Gourm    .   (no shield)
rNeg     . . .     Faith    .   (helmet restricted)
rPois    .         Spirit   .   (no amulet)
rElec    .         Reflect  .   c - +5 ring of intelligence
rCorr    .         Harm     .   (no ring)
MR       .....                  (no ring)
Stlth    +++.......             (no ring)
HPRegen  0.14/turn              (no ring)
MPRegen  0.10/turn              (no ring)
                                (no ring)
                                (no ring)

@: no status effects
A: almost no armour, stealthy swim, amphibious, 8 rings, constrict 8, camouflage
1, gelatinous body 1
a: Depart the Abyss, Bend Space, Renounce Religion


You were on level 5 of the Dungeon.
You worshipped Lugonu.
Lugonu was pleased with you.
You were not hungry.

You visited 2 branches of the dungeon, and saw 6 of its levels.
You visited the Abyss 1 time.

You collected 92 gold pieces.

Inventory:

Hand Weapons
 a - a +1 falchion (weapon)
 p - a +0 spear
 v - a +1 dagger of venom
Missiles
 j - 4 poisoned darts (quivered)
 o - 7 javelins
Jewellery
 c - a +5 ring of intelligence (left tentacle)
Scrolls
 d - 3 scrolls of teleportation {unknown}
 f - 3 scrolls of identify {unknown}
 h - a scroll of enchant armour {unknown}
 l - 2 scrolls of immolation {unknown}
 m - a scroll of fog {unknown}
 q - 5 scrolls of remove curse {unknown}
 s - a scroll of blinking {unknown}
 t - a scroll of noise {unknown}
 u - 2 scrolls of fear {unknown}
Potions
 e - a potion of heal wounds {unknown}
 g - a potion of haste {unknown}
 i - 2 potions of flight {unknown}
 k - a potion of degeneration {unknown}
 n - a potion of lignification {unknown}
 r - 2 potions of might {unknown}
Comestibles
 b - 7 rations


   Skills:
 + Level 4.0 Fighting
 * Level 4.2 Long Blades
 * Level 3.7 Dodging
 + Level 2.1 Stealth
 * Level 1.1 Spellcasting
 * Level 1.4 Hexes
 + Level 2.5 Invocations


You had 3 spell levels left.
You knew the following spells:

 Your Spells              Type           Power        Failure   Level  Hunger
a - Corona                Hex            #......      10%         1    ##.....
e - Tukima's Dance        Hex            #.......     28%         3    ####...

Your spell library contained the following spells:

 Spells                   Type           Power        Failure   Level  Hunger
 Ensorcelled Hibernation  Hex/Ice        #.....       19%         2    ###....
 Confuse                  Hex            #.......     28%         3    ####...
 Dazzling Spray           Conj/Hex       #.....       36%         3    ####...


Dungeon Overview and Level Annotations

Branches:
Dungeon (5/15)             Temple (1/1) D:5

Altars:
Ashenzari
Cheibriados
Dithmenos
Elyvilon
Gozag
Hepliaklqana
Makhleb
Okawaru
Qazlal
Sif Muna
Trog
Uskayaw
Xom
Yredelemnul
Zin
The Shining One


Innate Abilities, Weirdness & Mutations

You cannot wear most types of armour.
You are very stealthy in the water. (Stealth+)
You are amphibious.
You can wear up to eight rings at the same time.
You can use your tentacles to constrict eight enemies at once.
Your skin changes colour to match your surroundings (Stealth+).
Your rubbery body absorbs attacks. (AC +1, EV +1)


Message History

Press: ? - help, Shift-Dir - straight line, f - hound, p - jelly
Aim: a hound You throw a poisoned dart.
The poisoned dart hits the jelly.
The jelly is heavily wounded.
You slash the jelly!
Your tentacles burn!
The jelly is almost dead.
The jelly hits you.
You are splashed with acid!
* * * LOW HITPOINT WARNING * * *
You hit the jelly.
You kill the jelly!
Lugonu accepts your kill. The hound completely misses you.
You barely miss the hound. You grab the hound. You constrict the hound.
The howler monkey hoots and howls with incredible vigour!
The hound bites you.
* * * LOW HITPOINT WARNING * * *
You hit the hound but do no damage.
The hound is lightly wounded.
You constrict the hound. The hound bites you.
You die...

#### .....## ########
#... ###......## ##.##
#.......... ...# #@# #
###..# #h# #.######....#
#h# ##.#.........# #.#
#......J.....( #.#
#..#.####J##.# #.#
#..#.# #.##.# #.# #..#.#
#.##(#
#.##.#.###..#.####.##.#
....h..........##......#


You could see a howler monkey and a hound.

Vanquished Creatures
  2 crimson imps (D:5)
  A jelly (D:5)
  A centaur skeleton (D:5)
  An orc wizard (D:5)
  A worker ant (D:5)
  7 gnolls
  2 adders (D:2)
  An ooze (D:2)
  An adder skeleton (D:4)
  3 worms
  2 leopard geckos
  9 orcs
  2 bats (D:1)
  6 goblins
  5 hobgoblins
  5 jackals
  3 quokkas
  A ball python (D:3)
  7 frilled lizards
  4 kobolds
  5 rats
69 creatures vanquished.

Notes
Turn   | Place    | Note
-------+----------+-------------------------------------------
     0 | Abyss:1  | Esekla the Octopode Abyssal Knight began the quest for the
                  | Orb.
     0 | Abyss:1  | Reached XP level 1. HP: 16/16 MP: 2/2
   196 | Abyss:1  | Noticed a small abomination
   204 | Abyss:1  | Noticed a neqoxec
   443 | Abyss:1  | Found a stormy altar of Qazlal.
   545 | Abyss:2  | Noticed a raiju
   545 | Abyss:2  | Noticed a wretched star
   545 | Abyss:2  | Noticed a small abomination
   551 | Abyss:3  | Found a corrupted altar of Lugonu.
   572 | Abyss:3  | Noticed a large abomination
   600 | Abyss:3  | Noticed a large abomination
   604 | Abyss:3  | Noticed an ancient zyme
   606 | Abyss:3  | Noticed an Executioner
   610 | D:1      | Escaped the Abyss
   905 | D:2      | Reached XP level 2. HP: 20/21 MP: 3/3
   946 | D:1      | Reached XP level 3. HP: 9/26 MP: 4/4
  1643 | D:1      | Reached * piety under Lugonu
  1892 | D:2      | Reached XP level 4. HP: 26/32 MP: 5/5
  1897 | D:2      | Reached skill level 1 in Stealth
  2853 | D:2      | Reached XP level 5. HP: 31/37 MP: 6/6
  2928 | D:1      | Learned a level 1 spell: Corona
  2932 | D:1      | Learned a level 3 spell: Tukima's Dance
  3532 | D:4      | Noticed an ogre
  3546 | D:4      | Noticed a phantom
  3550 | D:5      | Entered Level 5 of the Dungeon
  3694 | D:5      | Found a staircase to the Ecumenical Temple.
  3702 | D:5      | Reached ** piety under Lugonu
  4033 | Temple   | Entered the Ecumenical Temple
  4125 | D:5      | Reached XP level 6. HP: 40/43 MP: 7/7
  4132 | D:5      | Reached skill level 1 in Spellcasting
  4132 | D:5      | Reached skill level 1 in Hexes
  4290 | D:5      | Slain by a hound

Levels and vault maps discovered:
D:1:      saegor_arrival_under_anarchy, layout_basic
D:2:      layout_basic, first_ration
D:3:      layout_basic
D:4:      layout_basic, gammafunk_ghost_gnarly_gnolls
D:5:      layout_loops_ring, temple_green
Temple:   compressed_dpeg_circular_temple

Skill      XL: |  1  2  3  4  5  6 |
---------------+-------------------+-----
Stealth        | 1 2 |  2.1
Long Blades    | 3 4 |  4.2
Dodging        | 3 |  3.7
Spellcasting   | 1 |  1.1
Hexes          | 1 |  1.4
Fighting       | 4 |  4.0
Invocations    | |  2.5

Action                   |  1- 3 |  4- 6 || total
-------------------------+-------+-------++-------
Melee: Falchion          |    37 |   110 ||   147
       Constrict         |    15 |    35 ||    50
       Tentacles         |     8 |    21 ||    29
       Dagger            |       |    10 ||    10
Throw: Javelin           |    12 |       ||    12
       Dart              |       |    24 ||    24
 Cast: Corona            |       |     7 ||     7
Invok: Depart the Abyss  |     1 |       ||     1
       Bend Space        |       |     2 ||     2
 Stab: Sleeping          |       |     5 ||     5
  Eat: Chunk             |     2 |     6 ||     8
       Ration            |       |     1 ||     1
Armor: Skin              |     3 |     3 ||     6
Dodge: Dodged            |    23 |    70 ||    93
       Rpst.: Falchion   |     6 |    16 ||    22
